Map: Pillars of Gold LE

Players

INnoVation

  • Race: Terran Terran
  • League: Grandmaster
  • Spawn Location: 1:00

JinairRogue (Rogue) - Winner!

  • Race: Zerg Zerg
  • Spawn Location: 7:00

Event: DreamHack SC2 Masters 2020 Fall

VOD

Have the link to the VOD?

Description

Time

  • Played on: Sept. 19, 2020, 9:30 a.m.
  • Length: 10:00

All games in this series

Show
View Real Time Build Order
Export as new Build Order

INnoVation Terran 

Build Orders: Hellion Opening, Reaper Expand 

Get SALT Encoding   

  12  0:00  SCV  
  13  0:12  SCV  
  14  0:17  Supply Depot  
  14  0:24  SCV  
  15  0:39  SCV  
  15  0:40  Barracks  
  16  0:44  Refinery  
  16  0:51  SCV  
  17  1:03  SCV  
  18  1:15  SCV  
  19  1:27  Orbital Command, Reaper  
  20  1:41  Command Center  
  20  1:52  Supply Depot  
  20  1:53  SCV  
  21  1:59  Marine  
  22  2:05  SCV  
  23  2:08  Factory  
  23  2:17  SCV  
  23  2:22  Barracks Reactor  
  24  2:29  SCV  
  25  2:42  SCV  
  25  2:43  Command Center  
  26  2:53  Orbital Command  
  26  2:55  SCV  
  27  3:04  Hellion x2  
  31  3:06  Barracks Tech Lab  
  31  3:07  SCV  
  33  3:20  SCV x2  
  33  3:24  Stimpack  
  33  3:25  Hellion x2  
  33  3:26  Marine  
  39  3:32  SCV x2  
  41  3:44  SCV  
  41  3:45  SCV  
  41  3:48  Hellion  
  46  3:51  Marine  
  46  3:55  Orbital Command, Hellion  
  48  3:57  SCV x2  
  48  4:00  Refinery  
  50  4:03  Supply Depot  
  50  4:09  SCV x2, Marine  
  53  4:20  SCV  
  53  4:21  SCV  
  53  4:22  Factory Reactor  
  53  4:23  SCV  
  55  4:26  Barracks  
  55  4:27  Engineering Bay, Barracks  
  55  4:29  Engineering Bay  
  55  4:31  Supply Depot  
  55  4:32  Marine  
  55  4:33  SCV  
  55  4:34  SCV  
  55  4:36  SCV  
  59  4:39  Refinery  
  59  4:40  Refinery  
  59  4:45  SCV  
  59  4:46  SCV  
  59  4:48  SCV  
  59  4:49  Marine  
  63  4:54  Terran Infantry Weapons Level 1  
  63  4:55  Terran Infantry Armor Level 1, Supply Depot  
  63  4:56  Orbital Command  
  63  4:59  SCV  
  64  5:00  SCV  
  64  5:05  Starport  
  65  5:07  Marine  
  65  5:08  Factory Reactor  
  65  5:11  SCV  
  65  5:12  SCV  
  65  5:13  Combat Shield  
  68  5:17  Barracks  
  68  5:18  Barracks  
  68  5:22  SCV  
  68  5:23  SCV, Supply Depot  
  68  5:24  SCV, Marine  
  68  5:25  Marine  
  68  5:26  Marine  
  68  5:27  Marine  
  75  5:29  Marine  
  75  5:33  Supply Depot  
  75  5:35  SCV x2  
  77  5:36  SCV  
  77  5:42  Marine  
  79  5:43  Marine  
  79  5:44  Marine  
  79  5:45  Marine  
  79  5:47  SCV  
  79  5:48  Medivac x2, SCV x2  
  90  5:51  Factory Reactor  
  90  5:56  Supply Depot  
  90  5:57  Supply Depot  
  90  5:59  SCV  
  90  6:00  SCV x2  
  90  6:01  Armory  
  93  6:05  Factory  
  93  6:11  Refinery x2  
  93  6:12  SCV x2, Barracks Reactor x2  
  93  6:13  SCV  
  96  6:20  Supply Depot  
  96  6:22  Marine x5  
  96  6:24  SCV x2  
  96  6:25  SCV  
  104  6:31  Medivac x2  
  112  6:38  SCV x3  
  113  6:40  Marine x4  
  113  6:42  Marine  
  113  6:45  Supply Depot  
  118  6:49  Factory Tech Lab  
  118  6:50  Marine x4  
  117  6:54  Factory Tech Lab  
  117  6:58  Bunker, Marine x4  
  117  7:00  Marauder  
  122  7:01  Bunker  
  122  7:02  Supply Depot  
  122  7:03  Terran Infantry Weapons Level 2, Supply Depot  
  122  7:08  Terran Infantry Armor Level 2  
  122  7:12  Siege Tank  
  123  7:15  Marine  
  123  7:16  Marine x2  
  123  7:19  Marine x4  
  123  7:21  Marauder  
  132  7:26  Supply Depot  
  132  7:27  Siege Tank, Supply Depot  
  135  7:30  Marine  
  135  7:34  Marine x3  
  138  7:43  Medivac x2, Marauder  
  137  7:55  Siege Tank  
  140  8:00  Supply Depot x2  
  140  8:02  Supply Depot  
  137  8:14  Supply Depot x2  
  135  8:23  Medivac  
  135  8:24  Medivac, Siege Tank, Marauder  
  138  8:28  SCV x2  
  138  8:32  Supply Depot  
  138  8:33  Supply Depot  
  140  8:35  Siege Tank  
  140  8:41  Marine x2  
  142  8:42  Missile Turret  
  142  8:44  Orbital Command  
  142  8:45  Marine x3  
  142  8:46  Marauder, Marine  
  149  8:53  Medivac  
  149  8:54  Medivac  
  153  8:58  Marine  
  153  9:01  Marine  
  153  9:02  Marine  
  131  9:07  Marauder  
  113  9:11  Marine x2  
  113  9:12  Marine  
  102  9:18  Siege Tank  
  102  9:21  Marine  
  102  9:23  Marine  
  83  9:28  Marauder  
  66  9:41  Marine x5  
Show
View Real Time Build Order
Export as new Build Order

JinairRogue Zerg - Winner!

Build Orders: Hatch First 

Get SALT Encoding   

  12  0:00  Drone  
  13  0:12  Overlord  
  13  0:17  Drone  
  14  0:30  Drone x2  
  16  0:49  Hatchery  
  15  0:52  Drone  
  15  0:55  Drone  
  17  1:00  Drone  
  18  1:09  Extractor  
  17  1:15  Spawning Pool  
  17  1:18  Drone  
  17  1:22  Drone  
  18  1:28  Drone  
  19  1:39  Drone  
  20  1:49  Drone  
  21  2:01  Queen, Zergling x2  
  21  2:02  Queen, Zergling x2  
  27  2:10  Overlord  
  27  2:12  Drone  
  28  2:25  Hatchery  
  27  2:31  Drone x2  
  29  2:37  Drone x2  
  30  2:44  Queen  
  30  2:49  Overlord  
  32  2:51  Drone  
  32  2:54  Drone  
  32  2:56  Drone  
  35  3:01  Metabolic Boost  
  35  3:11  Drone x5  
  40  3:17  Overlord  
  41  3:20  Drone  
  41  3:23  Queen  
  43  3:38  Queen  
  43  3:39  Overlord  
  43  3:40  Drone x4  
  49  3:42  Drone  
  49  3:43  Drone  
  51  3:49  Zergling x4  
  51  3:52  Drone x3  
  56  4:00  Roach Warren  
  56  4:02  Queen  
  57  4:07  Drone x3  
  60  4:10  Overlord  
  60  4:14  Zergling x4  
  62  4:22  Drone x3  
  65  4:25  Overlord  
  65  4:31  Spore Crawler  
  65  4:34  Drone  
  65  4:35  Lair, Spore Crawler  
  65  4:36  Drone x5  
  69  4:40  Roach  
  69  4:42  Drone x2  
  73  4:48  Drone x2  
  73  4:50  Extractor x2  
  73  4:53  Drone x2  
  73  4:54  Extractor  
  73  4:57  Extractor  
  74  5:00  Drone x2  
  74  5:02  Overlord  
  74  5:03  Drone  
  74  5:04  Drone x4  
  81  5:07  Evolution Chamber x2  
  81  5:08  Zergling x2  
  81  5:12  Drone  
  81  5:13  Drone  
  82  5:18  Overlord  
  82  5:20  Extractor  
  81  5:22  Drone x3  
  81  5:24  Drone  
  85  5:33  Zerg Ground Armor Level 1, Zerg Missile Weapons Level 1  
  85  5:35  Glial Reconstitution  
  85  5:37  Drone x2  
  85  5:39  Roach x4  
  85  5:40  Overlord  
  95  5:50  Overseer  
  95  5:51  Hatchery  
  95  5:52  Overseer  
  95  5:54  Roach x2  
  98  5:58  Overlord x4  
  97  6:09  Roach  
  97  6:10  Roach x3  
  105  6:11  Overlord  
  105  6:17  Roach, Overseer  
  105  6:18  Roach x5  
  117  6:20  Roach  
  117  6:24  Roach x3  
  125  6:28  Overlord  
  125  6:30  Overlord  
  125  6:32  Overlord  
  125  6:35  Roach x2  
  128  6:40  Ravager  
  128  6:41  Ravager x5  
  128  6:45  Overlord x3  
  134  6:51  Roach  
  134  6:52  Roach x3  
  134  6:54  Roach  
  142  6:58  Roach x2  
  142  7:00  Roach  
  148  7:02  Overseer x2  
  148  7:04  Overlord  
  148  7:06  Ravager x2  
  150  7:10  Roach x3  
  150  7:12  Roach  
  150  7:13  Roach  
  150  7:15  Roach, Zergling x4  
  163  7:22  Zergling x2  
  165  7:23  Roach x4  
  165  7:25  Roach  
  165  7:28  Ravager, Overlord  
  172  7:40  Roach x2, Overlord  
  176  7:50  Roach x2  
  176  7:51  Roach x4  
  183  7:53  Overlord  
  183  7:55  Overlord  
  183  7:56  Overlord  
  180  8:08  Roach  
  180  8:09  Roach x5  
  192  8:13  Zergling x8  
  192  8:14  Zergling x2  
  194  8:30  Ravager x5  
  194  8:31  Ravager  
  200  8:36  Overseer  
  200  8:45  Zergling x2, Hatchery  
  200  8:56  Zergling x2  
  178  9:03  Roach x6  
  178  9:09  Roach x5  
  172  9:10  Roach x2  
  156  9:17  Roach x5  
  156  9:19  Roach x2  
  156  9:21  Roach  
  158  9:30  Roach x2  
  152  9:33  Roach  
  152  9:37  Ravager x2  
  152  9:38  Ravager  
  157  9:39  Roach x2  
  157  9:40  Roach  
  157  9:41  Roach  

Tags
 
Add a new tag
Caveats
  • Supply blocks, unpowered buildings, or Contaminate may cause inaccurate times.
  • Supply counts are checked every 10 seconds.